 Dungeon Crawl Stone Soup version 0.28-a0-941-g140ffa10cf (webtiles) character file.

Game seed: 10372206943683077986

114 Hipnos the Chiller (level 4, -3/24 HPs)
             Began as a Deep Elf Ice Elementalist on Nov 29, 2021.
             Slain by a phantom (4 damage)
             ... on level 4 of the Dungeon.
             The game lasted 00:06:25 (2750 turns).

Hipnos the Chiller (Deep Elf Ice Elementalist)      Turns: 2750, Time: 00:06:26

Health: -3/24      AC:  5    Str:  7    XL:     4   Next: 67%
Magic:  2/12       EV: 13    Int: 27    God:
Gold:   107        SH:  0    Dex: 15    Spells: 1/11 levels left

rFire   + . .      SeeInvis .   s - +0 dagger
rCold   . . .      Faith    .   (no shield)
rNeg    . . .      Spirit   .   a - +0 robe
rPois   .          Reflect  .   (no helmet)
rElec   .          Harm     .   b - +0 cloak
rCorr   .          Rampage  .   k - +0 pair of gloves
Will    .....                   u - +0 pair of boots
Stlth   ++........              (no amulet)
HPRegen 0.08/turn               d - ring of protection from fire
MPRegen 0.13/turn               q - +6 ring of intelligence

@: unable to read
A: strong 1, inability to read while threatened
a: no special abilities


You were on level 4 of the Dungeon.
You visited 1 branch of the dungeon, and saw 4 of its levels.

You collected 107 gold pieces.

Inventory:

Hand Weapons
 s - a +0 dagger (weapon)
Missiles
 c - 2 throwing nets
Armour
 a - a +0 robe (worn)
 b - a +0 cloak (worn)
 h - +0 gold dragon scales
 k - a +0 pair of gloves (worn)
 u - a +0 pair of boots (worn)
Jewellery
 d - a ring of protection from fire (left hand)
 g - a ring of ice
 q - a +6 ring of intelligence (right hand)
 w - a +4 ring of slaying
 x - a ring of protection from cold
Scrolls
 e - a scroll of brand weapon {unknown}
 f - 2 scrolls of identify {unknown}
 i - a scroll of acquirement {unknown}
 j - a scroll of blinking {unknown}
 n - a scroll of fog {unknown}
 p - a scroll of enchant weapon {unknown}
 v - 2 scrolls of silence {unknown}
Potions
 l - 2 potions of mutation
 m - a potion of berserk rage {unknown}
 o - 3 potions of curing {unknown}
 r - a potion of heal wounds {unknown}
 t - a potion of brilliance {unknown}


   Skills:
 + Level 2.7 Dodging
 - Level 2.4 Stealth
 + Level 4.4 Spellcasting
 * Level 1.5 Conjurations
 + Level 5.6 Ice Magic


You had one spell level left.
You knew the following spells:

 Your Spells              Type           Power      Damage    Failure   Level
a - Freeze                Ice            100%       1d11      1%          1
b - Frozen Ramparts       Ice            72%        1d9       2%          3
c - Ozocubu's Armour      Ice            36%        N/A       2%          3
d - Stone Arrow           Conj/Erth      20%        3d8       17%         3

Your spell library contained the following spells:

 Spells                   Type           Power      Damage    Failure   Level
 Sandblast                Erth           10%        2d5       8%          1
 Passwall                 Tmut/Erth      4%         N/A       12%         2
 Hailstorm                Conj/Ice       25%        3d7       17%         4


Dungeon Overview and Level Annotations

Branches:
Dungeon (4/15)
 Temple: D:4-7

Altars:

Annotations:
D:3 1 runed translucent door, mcbry74's ghost, amateur HuBe


Innate Abilities, Weirdness & Mutations

Your muscles are strong. (Str +2)
You sometimes lose the ability to read scrolls when taking damage.


Message History

The phantom is lightly damaged.
The phantom resists.
The wall freezes the phantom.
The phantom closely misses you.
You closely miss the phantom.
The phantom is lightly damaged.
The phantom resists.
The wall freezes the phantom.
The phantom hits you.
You hit the phantom but do no damage.
The phantom is lightly damaged.
The phantom resists.
The wall freezes the phantom.
The phantom hits you.
The phantom blinks!
You blink.
Your icy armour cracks and falls away as you move.
The frozen ramparts melt away as you move.
A ball python, a goblin and a dart slug come into view.
Found 28 arrows.
Casting: Frozen Ramparts (dangerous; 2% risk of failure)
Confirm with . or Enter, or press ? or * to list all spells.
A film of ice covers your body!
The ball python hisses angrily.
The phantom hits you but does no damage.
Casting: Ozocubu's Armour (dangerous; 2% risk of failure)
Confirm with . or Enter, or press ? or * to list all spells.
You don't have enough magic to cast this spell.
It was a potion of mutation.
You feel extremely strange.
You lose the ability to read scrolls when threatened.
You feel stronger. The phantom hits you.
You feel threatened and lose the ability to read scrolls!
* * * LOW HITPOINT WARNING * * *
The phantom blinks!
You blink.
Your icy armour cracks and falls away as you move.
A goblin comes into view. It is wielding a +0 dagger.
You can read scrolls again.
The goblin hits you but does no damage. The phantom hits you.
You feel threatened and lose the ability to read scrolls!
* * * LOW HITPOINT WARNING * * *
There is a stone staircase leading up here.
The goblin hits you with a +0 dagger.
* * * LOW HITPOINT WARNING * * *
The phantom hits you.
You die...

#### .# # . #...#.#.#
..##...#w#.###.##
................###
..................
....(.......##..#
..##...#...S.#..#####
#.......g.g....<..
#...#...W@....#
#.####........# #.
#####.##.### #
#..).......
#.#.##..... #.#.#
.... #.#.# .## ....#
# #####


You could see a phantom, a dart slug, 2 goblins and a ball python.

Vanquished Creatures
  Robin (D:3)
  2 adders
  2 ufetubi (D:4)
  A worm (D:1)
  A dart slug (D:3)
  An orc (D:3)
  4 ball pythons
  10 bats
  3 endoplasms
  4 giant cockroaches
  15 goblins
  8 hobgoblins
  2 jackals (D:1)
  A quokka (D:3)
  3 frilled lizards
  4 kobolds (D:1)
  3 rats
65 creatures vanquished.

Notes
Turn   | Place    | Note
-------+----------+-------------------------------------------
     0 | D:1      | Hipnos the Deep Elf Ice Elementalist began the quest for
                  | the Orb.
     0 | D:1      | Reached XP level 1. HP: 10/10 MP: 6/6
   173 | D:1      | Found a faded altar of an unknown god.
   619 | D:1      | Reached XP level 2. HP: 14/15 MP: 6/8
   720 | D:1      | Reached skill level 5 in Ice Magic
  1270 | D:1      | Reached XP level 3. HP: 18/19 MP: 6/9
  1274 | D:1      | Learned a level 3 spell: Frozen Ramparts
  1278 | D:1      | Learned a level 3 spell: Ozocubu's Armour
  1895 | D:2      | Learned a level 3 spell: Stone Arrow
  1910 | D:3      | Noticed Robin
  1920 | D:3      | Killed Robin
  1921 | D:3      | Reached skill level 1 in Conjurations
  1921 | D:3      | Reached XP level 4. HP: 24/24 MP: 6/12
  2267 | D:3      | Found a runed translucent door.
  2313 | D:3      | Noticed mcbry74's ghost (amateur HuBe)
  2727 | D:4      | Noticed a phantom
  2747 | D:4      | Gained mutation: You sometimes lose the ability to read
                  | scrolls when taking damage. [potion of mutation]
  2747 | D:4      | Gained mutation: Your muscles are strong. (Str +2) [potion
                  | of mutation]
  2750 | D:4      | HP: 1/24 [goblin (2)]
  2750 | D:4      | Slain by a phantom

Illustrated notes

Levels and vault maps discovered:
D:1:      dpeg_arrival_brainrot, layout_loops_corners, basic_ecumenical_altar
D:2:      layout_rooms
D:3:      layout_rooms, ebering_ghost_reflecting_pool, uniq_robin
D:4:      layout_loops_ring, cheibrodos_sewer_entry_sluice, serial_shops,
          nicolae_stop_n_shop_2, nicolae_diamond_shop,
          nicolae_shop_temple_entry_statues_fountains, shop,
          nicolae_shop_crystal, uniq_eustachio

Skill      XL: |  1  2  3 |
---------------+----------+-----
Ice Magic      | 5 |  5.6
Spellcasting   | 4 |  4.4
Conjurations   | 1 |  1.5
Dodging        | |  2.7
Stealth        | |  2.4

Action                   |  1- 3 |  4- 6 || total
-------------------------+-------+-------++-------
Melee: Unarmed           |    14 |     1 ||    15
       Dagger            |       |    18 ||    18
 Cast: Freeze            |    51 |    13 ||    64
       Frozen Ramparts   |     1 |     5 ||     6
       Ozocubu's Armour  |     1 |     4 ||     5
  Use: Potion            |       |     1 ||     1
Armor: Robe              |    10 |    14 ||    24
Dodge: Dodged            |    42 |    17 ||    59

Table legend: (Time is in decaauts)
 A = Elapsed time spent in this place.
 B = Non-inter-level travel time spent in this place.
 C = Inter-level travel time spent in this place.
 D = Time resting spent in this place.
 E = Time spent auto-exploring this place.
 F = Levels seen in this place.
 G = Mean time per level.
                   A        B        C        D        E       F      G
               +--------+--------+--------+--------+--------+-----+--------+
         Total |   2746 |   2695 |     51 |      0 |   2226 |   4 |  686.5 |
       Dungeon |   2746 |   2695 |     51 |      0 |   2226 |   4 |  686.5 |
               +--------+--------+--------+--------+--------+-----+--------+

Top non-repeatable levels by time:
     D:1: 1377 daAuts
     D:3: 818 daAuts
     D:2: 528 daAuts
     D:4: 22 daAuts
